 Dungeon Sprint DCSS version 0.20-a0-386-g2d247ea (webtiles) character file.

8800000 Eviona the Axe Maniac (level 26, -8/290 HPs)
             Began as a Deep Dwarf Wizard on Dec 29, 2016.
             Was the Champion of Makhleb.
             Mangled by a meat berserker
             ... wielding a +9 battleaxe
              (47 damage)
             ... in the Dungeon (Sprint VIII: "Arena of Blood").
             The game lasted 00:05:16 (88 turns).

Eviona the Axe Maniac (Deep Dwarf Wizard)             Turns: 88, Time: 00:05:16

Health: -8/290     AC:  4    Str: 14    XL:     26   Next: 38%
Magic:  23/52      EV: 33    Int: 22    God:    Makhleb [******]
Gold:   0          SH:  0    Dex: 17    Spells: 76/79 levels left

rFire  . . .     SeeInvis .     k - +∞ Axe of Woe
rCold  . . .     Gourm    .     a - +0 robe
rNeg   + . .     Faith    .     (shield currently unavailable)
rPois  .         Spirit   .     b - +0 hat
rElec  .         Reflect  .     (no cloak)
rCorr  .         Harm     .     (no gloves)
MR     +++..     NoTele   +     (no boots)
Stlth  +++++++++.               (no amulet)
                                (no ring)
                                (no ring)

@: non-regenerating
A: damage resistance, recharge devices, negative energy resistance 1, sense
surroundings 3, slow regeneration 3
a: Heal Wounds, Minor Destruction, Lesser Servant of Makhleb, Major Destruction,
Greater Servant of Makhleb, Renounce Religion


You were in the Dungeon.
You worshipped Makhleb.
Makhleb was exalted by your worship.
You were not hungry.

You visited 1 branch

Inventory:

Hand Weapons
 k - the +∞ Axe of Woe (weapon)
   (You found it in the Dungeon)
Armour
 a - a +0 robe (worn)
 b - a +0 hat (worn)
Scrolls
 j - a scroll of blinking
Potions
 e - a potion of curing
 g - a potion of haste
 h - 2 potions of magic
 i - a potion of berserk rage
Books
 c - a book of Minor Magic

   Spells                             Type                      Level
   a - Magic Dart                     Conjuration                  1
   b - Blink                          Translocation                2
   c - Call Imp                       Summoning                    2
   d - Repel Missiles                 Charms/Air                   2
   e - Slow                           Hexes                        2
   f - Conjure Flame                  Conjuration/Fire             3
   g - Mephitic Cloud                 Conjuration/Poison/Air       3
Comestibles
 d - a bread ration


   Skills:
 O Level 27 Fighting
 O Level 27 Axes
 O Level 27 Throwing
 O Level 27 Armour
 O Level 27 Dodging
 O Level 27 Stealth
 O Level 27 Unarmed Combat
 O Level 27 Spellcasting
 O Level 27 Conjurations
   Level 0.8 Summonings
 O Level 27 Translocations
 O Level 27 Invocations


You had 76 spell levels left.
You knew the following spells:

 Your Spells              Type           Power        Failure   Level  Hunger
a - Magic Dart            Conj           ####         0%          1    None
b - Blink                 Tloc           N/A          0%          2    None


Dungeon Overview and Level Annotations

Branches:
Dungeon (1/1)

Altars:
Makhleb


Innate Abilities, Weirdness & Mutations

You are resistant to damage.
You can recharge devices by infusing magical energy.
You resist negative energy. (rN+)
You passively map a large area around you.
You do not regenerate.


Message History

You are engulfed in roaring flames.
You hear a shout! x4
The eight-headed meat hydra calls on the powers of darkness!
The eight-headed meat hydra convulses!
The meat berserker convulses! x2
The eight-headed meat hydra convulses!
The meat berserker convulses!
The bag of meat convulses!
Your body is wracked with pain!
* * * LOW HITPOINT WARNING * * *
A meat berserker comes into view. It is wielding a +9 battleaxe.
Unknown command.
You feel much better.
You are engulfed in roaring flames.
* * * LOW HITPOINT WARNING * * *
You hear a shout! x2
The eight-headed meat hydra calls on the powers of darkness!
The eight-headed meat hydra convulses!
The meat berserker convulses! x2
Your body is wracked with pain!
* * * LOW HITPOINT WARNING * * *
The eight-headed meat hydra convulses!
The meat berserker convulses!
You hear a shout!
The meat berserker hits you with a +9 battleaxe!!!
You die...

......###......... ,
,, ....._..........,
, , , , ,
#.o...#.......# , ,
. #_.<._#....... D,
, *
....#.....#....o2#.#
, *
......._).......O...
,, ,
.....O###......oD.#.
, , ,
.###.......###.D....
,* ,,,
#.......#@Oo.%...
,,, , ,
,#.......#O)0.....
,,,, ,
..........))..V...,
, , , *
,........%....#...#,
, ........%...#....#
, *
..........##.....#
,, *, , , ,
...L....#. ....#. ,,
, ,, , ........#.
.###.. , , *
.#........... ,..* ,


You could see 3 eight-headed meat hydras, a destroyer, 3 meat berserkers and 2
bags of meat.

Vanquished Creatures
  A wraith (D)
  8 vampire knights (D)
  18 ogres (D)
  3 two-headed ogres (D)
  3 liches (D)
  A hydra (D)
  47 orcs (D)
  6 skeletal warriors (D)
  3 large abominations (D)
  7 small abominations (D)
  5 crawling corpses (D)
102 creatures vanquished.

Vanquished Creatures (others)
  4 ogres (D)
  3 orcs (D)
  8 crawling corpses (D)
15 creatures vanquished.

Grand Total: 117 creatures vanquished

Notes
Turn   | Place    | Note
-------+----------+-------------------------------------------
     0 | D        | Eviona the Deep Dwarf Wizard began the quest for the Orb.
     0 | D        | Reached XP level 1. HP: 15/15 MP: 4/4
     2 | D        | Noticed a bag of meat
     2 | D        | Noticed a bag of meat
     3 | D        | Became a worshipper of Makhleb the Destroyer
     4 | D        | Noticed a bag of meat
     5 | D        | Noticed a meat berserker
     6 | D        | Noticed a bag of meat
     8 | D        | Killed a meat berserker
     8 | D        | Reached skill level 15 in Conjurations
     8 | D        | Reached XP level 2. HP: 22/22 MP: 4/17
     8 | D        | Reached XP level 3. HP: 28/28 MP: 4/19
     8 | D        | Reached XP level 4. HP: 36/36 MP: 4/20
     8 | D        | Reached XP level 5. HP: 42/42 MP: 4/22
     8 | D        | Reached XP level 6. HP: 49/49 MP: 4/23
     8 | D        | Reached XP level 7. HP: 55/55 MP: 4/25
     8 | D        | Reached XP level 8. HP: 62/62 MP: 4/26
     8 | D        | Gained mutation: You passively map the area around you. [Deep Dwarf growth]
     8 | D        | Reached XP level 9. HP: 68/68 MP: 4/27
     8 | D        | Reached XP level 10. HP: 75/75 MP: 4/28
     8 | D        | Reached XP level 11. HP: 81/81 MP: 4/29
     8 | D        | Reached XP level 12. HP: 88/88 MP: 4/30
     8 | D        | Reached XP level 13. HP: 94/94 MP: 4/31
     9 | D        | Killed a bag of meat
     9 | D        | Reached * piety under Makhleb
     9 | D        | Reached skill level 10 in Fighting
    10 | D        | Noticed a bag of meat
    10 | D        | Killed a bag of meat
    10 | D        | Gained mutation: You resist negative energy. (rN+) [Deep Dwarf growth]
    10 | D        | Reached XP level 14. HP: 121/144 MP: 4/32
    11 | D        | Killed a bag of meat
    12 | D        | Killed a bag of meat
    12 | D        | Reached ** piety under Makhleb
    12 | D        | Reached XP level 15. HP: 138/164 MP: 5/33
    16 | D        | Learned a level 2 spell: Blink
    17 | D        | Noticed a large bag of meat
    20 | D        | Noticed a meat berserker
    21 | D        | Noticed a meat berserker
    22 | D        | Noticed a meat berserker
    22 | D        | Noticed a meat berserker
    23 | D        | Noticed a meat berserker
    25 | D        | Killed a meat berserker
    25 | D        | Noticed a destroyer
    27 | D        | Killed a meat berserker
    27 | D        | Reached skill level 27 in Axes
    27 | D        | Reached XP level 16. HP: 193/193 MP: 8/34
    27 | D        | Reached *** piety under Makhleb
    27 | D        | Killed a meat berserker
    27 | D        | Reached skill level 27 in Fighting
    27 | D        | Reached XP level 17. HP: 208/208 MP: 8/35
    28 | D        | Noticed an eight-headed meat hydra
    29 | D        | Noticed a meat berserker
    30 | D        | Noticed a meat berserker
    30 | D        | Killed a meat berserker
    30 | D        | Reached skill level 27 in Invocations
    31 | D        | Reached **** piety under Makhleb
    32 | D        | Noticed a meat berserker
    32 | D        | Gained mutation: You passively map a large area around you. [Deep Dwarf growth]
    32 | D        | Reached XP level 18. HP: 83/218 MP: 9/36
    33 | D        | Noticed a sculptor of flesh
    33 | D        | Noticed a meat berserker
    33 | D        | Killed a meat berserker
    33 | D        | Reached skill level 27 in Dodging
    33 | D        | Reached ***** piety under Makhleb
    34 | D        | Killed a large bag of meat
    35 | D        | Noticed a destroyer
    35 | D        | Noticed a sculptor of flesh
    35 | D        | Noticed a destroyer
    36 | D        | Reached skill level 27 in Stealth
    37 | D        | Noticed a large bag of meat
    37 | D        | Killed a destroyer
    37 | D        | Reached XP level 19. HP: 119/226 MP: 10/37
    37 | D        | Killed a meat berserker
    38 | D        | Noticed a meat berserker
    38 | D        | Killed a destroyer
    38 | D        | Reached skill level 27 in Armour
    39 | D        | Killed a large bag of meat
    39 | D        | Killed a meat berserker
    39 | D        | Killed a nine-headed meat hydra
    39 | D        | Reached ****** piety under Makhleb
    40 | D        | Noticed a meat berserker
    42 | D        | Noticed a destroyer
    42 | D        | Killed a meat berserker
    43 | D        | Noticed a destroyer
    43 | D        | Killed a meat berserker
    44 | D        | Reached XP level 20. HP: 226/236 MP: 12/48
    44 | D        | Killed a meat berserker
    44 | D        | Reached skill level 27 in Spellcasting
    44 | D        | Reached skill level 5 in Throwing
    44 | D        | Reached skill level 5 in Unarmed Combat
    45 | D        | Noticed a destroyer
    45 | D        | Noticed a destroyer
    46 | D        | Killed a destroyer
    46 | D        | Reached skill level 15 in Translocations
    47 | D        | Killed a destroyer
    47 | D        | Reached XP level 21. HP: 244/244 MP: 13/52
    48 | D        | Killed a destroyer
    51 | D        | Noticed a destroyer
    52 | D        | Noticed a large bag of meat
    52 | D        | Noticed a tyrant
    52 | D        | Reached XP level 22. HP: 254/254 MP: 14/53
    54 | D        | Killed a destroyer
    54 | D        | Noticed a tyrant
    56 | D        | Reached skill level 27 in Conjurations
    56 | D        | Reached skill level 27 in Translocations
    57 | D        | Reached XP level 23. HP: 262/262 MP: 15/54
    57 | D        | Reached skill level 27 in Throwing
    57 | D        | Reached skill level 27 in Unarmed Combat
    58 | D        | Noticed a tyrant
    61 | D        | Reached XP level 24. HP: 154/272 MP: 16/54
    62 | D        | Killed a destroyer
    65 | D        | Killed a large bag of meat
    66 | D        | Killed a destroyer
    73 | D        | Noticed a destroyer
    73 | D        | Reached XP level 25. HP: 147/280 MP: 19/54
    74 | D        | Killed a tyrant
    75 | D        | Killed a tyrant
    77 | D        | Noticed a dread
    79 | D        | Killed a tyrant
    87 | D        | Noticed a meat beast
    87 | D        | Killed a dread
    87 | D        | Reached XP level 26. HP: 96/290 MP: 22/52
    88 | D        | Mangled by a meat berserker

Vault maps used:
D:        meatsprint

Skill      XL: |  1  2  3  4  5  6  7  8  9 10 11 12 13 14 15 16 17 18 19 20 21 22 23 |
---------------+----------------------------------------------------------------------+-----
Dodging        | 18 24 27 | 27.0
Stealth        | 20 27 | 27.0
Spellcasting   | 14 24 27 | 27.0
Conjurations   | 15 21 24 27 | 27.0
Fighting       | 14 18 24 27 | 27.0
Axes           | 16 21 27 | 27.0
Invocations    | 23 27 | 27.0
Armour         | 23 27 | 27.0
Throwing       | 16 20 26 27 | 27.0
Unarmed Combat | 16 20 26 27 | 27.0
Translocations | 19 23 27 | 27.0
Summonings     | |  0.8

Action                   |  1- 3 |  4- 6 |  7- 9 | 10-12 | 13-15 | 16-18 | 19-21 | 22-24 | 25-27 || total
-------------------------+-------+-------+-------+-------+-------+-------+-------+-------+-------++-------
Melee: Executioner's axe |     1 |       |       |       |     6 |     7 |    12 |    21 |    12 ||    59
Invok: Greater Servant o |       |       |       |       |       |       |     2 |       |       ||     2
       Major Destruction |       |       |       |       |       |       |     1 |       |       ||     1
 Abil: Heal Wounds       |       |       |       |       |       |       |       |       |     3 ||     3
  Use: Potion            |       |       |       |       |       |     1 |       |       |       ||     1
Dodge: Dodged            |       |       |       |       |     1 |       |       |       |       ||     1
